 Dungeon Crawl Stone Soup version 0.21.1-1-g345015f (webtiles) character file.

20409 prawnwizard the Martial Artist (level 12, -8/98 HPs)
             Began as an Octopode Transmuter on July 22, 2018.
             Was an Initiate of Gozag.
             Mangled by an eight-headed hydra (12 damage)
             ... on level 3 of the Lair of Beasts on July 23, 2018.
             The game lasted 00:58:03 (15668 turns).

prawnwizard the Martial Artist (OpTm)              Turns: 15668, Time: 00:58:04

Health: -8/98      AC:  7    Str: 10    XL:     12   Next: 79%
Magic:  25/25      EV: 19    Int: 25    God:    Gozag
Gold:   3300       SH:  5    Dex: 16    Spells: 14/29 levels left

rFire    + + .     SeeInvis .     - Unarmed
rCold    + . .     Gourm    .   p - +0 buckler
rNeg     . . .     Faith    .   L - +2 hat {Int+3}
rPois    .         Spirit   .   C - amulet of Vitality {Regen+ HP+15}
rElec    .         Reflect  .   f - +4 ring of protection
rCorr    .         Harm     .   o - ring of flight
MR       .....                  w - ring of protection from fire
Stlth    +++.......             D - ring of protection from fire
HPRegen  0.66/turn              I - ring of protection from cold
MPRegen  0.19/turn              J - +2 ring of evasion
                                N - +6 ring of intelligence
                                (no ring)

@: no status effects
A: almost no armour, stealthy swim, amphibious, 8 rings, constrict 8, camouflage
1, gelatinous body 1
a: Potion Petition, Call Merchant, Bribe Branch, Renounce Religion, Evoke Flight


You were on level 3 of the Lair of Beasts.
You worshipped Gozag.
Gozag was most pleased with you.
You were not hungry.

You visited 2 branches of the dungeon, and saw 14 of its levels.
You also visited: Sewer.

You collected 3329 gold pieces.
You paid 29 gold pieces to Gozag.

Inventory:

Missiles
 a - 221 arrows
Armour
 h - a +0 shield
 p - a +0 buckler (worn)
 L - a +2 hat of intelligence (worn)
Magical Staves
 K - an uncursed staff of fire
Jewellery
 f - a +4 ring of protection (left tentacle)
 o - a ring of flight (right tentacle)
 r - an uncursed amulet of rage
 w - a ring of protection from fire (on tentacle)
 C - the amulet of Vitality (around mantle) {Regen+ HP+15}
   (You found it on level 8 of the Dungeon)

   [amulet of regeneration]

   It affects your health (+15).
   It increases your rate of regeneration.
 D - a ring of protection from fire (on tentacle)
 I - a ring of protection from cold (on tentacle)
 J - a +2 ring of evasion (on tentacle)
 N - a +6 ring of intelligence (on tentacle)
Wands
 y - a wand of clouds (15)
 E - a wand of digging (15)
 F - a wand of iceblast (37)
 M - a wand of flame (22)
Scrolls
 n - 11 scrolls of remove curse
 q - 5 scrolls of enchant weapon
 u - 2 scrolls of teleportation
 v - a scroll of fear
 A - 2 scrolls of amnesia
 B - a scroll of fog
 H - 5 scrolls of identify
Potions
 d - a potion of lignification
 e - 6 potions of heal wounds
 g - 2 potions of magic {unknown}
 i - 4 potions of ambrosia
 j - 6 potions of might
 k - 3 potions of cancellation
 l - 6 potions of flight
 m - 4 potions of curing
 s - 5 potions of agility {unknown}
 t - 5 potions of brilliance
 x - 10 potions of degeneration
 z - 2 potions of haste {unknown}
Books
 b - a book of Changes

   Spells                             Type                      Level
   a - Beastly Appendage              Transmutation                1
   b - Sticks to Snakes               Transmutation                2
   c - Spider Form                    Transmutation/Poison         3
   d - Ice Form                       Ice/Transmutation            4
   e - Blade Hands                    Transmutation                5
Miscellaneous
 G - a sack of spiders
Comestibles
 c - 15 rations


   Skills:
 + Level 8.2 Fighting
 - Level 6.6 Dodging
 - Level 4.4 Shields
 + Level 11.4 Unarmed Combat
 + Level 9.2 Spellcasting
 + Level 10.0 Transmutations


You had 14 spell levels left.
You knew the following spells:

 Your Spells              Type           Power        Failure   Level  Hunger
a - Beastly Appendage     Tmut           ######       1%          1    None
b - Sticks to Snakes      Tmut           ######..     1%          2    None
c - Spider Form           Tmut/Pois      #####.....   1%          3    None
d - Blade Hands           Tmut           ######....   2%          5    ####...
e - Ice Form              Ice/Tmut       #####...     7%          4    #......


Dungeon Overview and Level Annotations

Branches:
Dungeon (11/15)            Temple (0/1) D:6            Lair (3/6) D:9
 Spider (0/4) Lair:2          Orc (0/2) D:9
  Swamp: Lair:2-4    Shoals: Lair:2-4

Altars:
Ashenzari
Cheibriados
Gozag
Makhleb
Ru
Zin
The Shining One

Annotations:
D:3 Tsarbomb's ghost, amateur HOMo
Lair:1 Norrock's ghost, journeyman TrTm


Innate Abilities, Weirdness & Mutations

You cannot wear most types of armour.
You are very stealthy in the water. (Stealth+)
You are amphibious.
You can wear up to eight rings at the same time.
You can use your tentacles to constrict eight enemies at once.
Your skin changes colour to match your surroundings (Stealth+).
Your rubbery body absorbs attacks. (AC +1, EV +1)


Message History

* * * LOW HITPOINT WARNING * * *
The eight-headed hydra barely misses you. x2
The eight-headed hydra closely misses you.
The eight-headed hydra completely misses you.
Your transformation is almost over.
Your transformation has ended.
Your +2 hat of intelligence unmelds from your body.
Your +0 buckler unmelds from your body.
You feel clever. The eight-headed hydra bites you!
* * * LOW HITPOINT WARNING * * *
The eight-headed hydra bites you!
* * * LOW HITPOINT WARNING * * *
The eight-headed hydra bites you.
* * * LOW HITPOINT WARNING * * *
The eight-headed hydra misses you. The eight-headed hydra bites you!
* * * LOW HITPOINT WARNING * * *
The eight-headed hydra bites you!
You die...
Your body crumbles into a pile of gold.

...................#P...####
......##....######.##...##.######
.......#.....##.##...............
#...#.#.........................(
##...###.........................
.................≈≈..............
..............≈≈≈≈≈≈.............
..............≈≈≈≈≈≈≈≈...........
.............≈≈D@≈≈≈≈≈...##...##.
............≈≈≈≈≈.≈≈≈≈≈..###..###
..###.#.....≈≈≈≈.<≈≈≈≈....#...##.
####..##....≈≈≈≈≈..≈≈≈...###....#
.......#.....≈≈≈≈≈≈≈≈≈...........
......#.......≈≈≈≈≈≈≈≈....#...###
......##.....≈.≈≈≈≈≈≈≈...#.##..##
......#............≈.......#...#P
......#P.........#...............


You could see an eight-headed hydra.

Vanquished Creatures
  Gastronok (Lair:2)
  A hydra (Lair:2)
  Erica (D:10)
  2 two-headed ogres (D:8)
  Nergalle (Lair:2)
  A black mamba (Lair:2)
  3 spiny frogs (Lair:1)
  6 komodo dragons
  10 blink frogs (Lair:2)
  2 hornets
  7 hippogriffs
  A spriggan (D:9)
  Sigmund (D:4)
  12 yaks
  A hungry ghost (D:7)
  6 porcupines
  2 water moccasins
  5 orc warriors
  A swamp drake (D:9)
  3 sky beasts
  4 phantoms
  7 ogres
  7 centaurs
  8 crocodiles
  12 bullfrogs
  2 water moccasin zombies
  6 scorpions
  13 killer bees
  A howler monkey (D:5)
  6 crimson imps
  A centaur zombie (D:9)
  A bullfrog zombie (D:10)
  2 quasits (D:7)
  5 hounds
  7 orc wizards
  3 bullfrog skeletons
  A centaur skeleton (D:4)
  2 jellies
  7 orc priests
  Crazy Yiuf (D:2)
  2 iguanas
  8 worker ants
  2 hound zombies
  3 hound skeletons
  A howler monkey zombie (D:10)
  4 gnolls (D:8)
  A howler monkey skeleton (D:8)
  5 adders
  7 river rats (Sewer)
  A shadow imp (D:9)
  2 oozes
  2 adder zombies
  An adder skeleton (D:8)
  9 worms
  2 dart slugs (D:1)
  5 leopard geckos
  43 orcs
  9 ball pythons
  7 bats
  6 giant cockroaches
  8 goblins
  9 hobgoblins
  9 jackals
  6 quokkas
  4 frilled lizards
  29 kobolds
  A quokka skeleton (D:7)
  24 rats
  A butterfly (D:6)
374 creatures vanquished.

Vanquished Creatures (collateral kills)
  2 killer bees (D:7)
2 creatures vanquished.

Vanquished Creatures (others)
  2 fungi
  3 plants (Lair:1)
5 creatures vanquished.

Grand Total: 381 creatures vanquished

Notes
Turn   | Place    | Note
-------+----------+-------------------------------------------
     0 | D:1      | prawnwizard the Octopode Transmuter began the quest for the Orb.
     0 | D:1      | Reached XP level 1. HP: 13/13 MP: 3/3
   381 | D:1      | Reached XP level 2. HP: 18/18 MP: 5/5
   673 | D:1      | Reached XP level 3. HP: 23/23 MP: 6/6
  1124 | D:2      | Found a burning altar of Makhleb.
  1124 | D:2      | Found a shattered altar of Ashenzari.
  1125 | D:2      | Found a glowing golden altar of the Shining One.
  1125 | D:2      | Found an opulent altar of Gozag.
  1350 | D:2      | Became a worshipper of Gozag Ym Sagoz the Greedy
  1408 | D:2      | Found a sacrificial altar of Ru.
  1562 | D:2      | Found a runed door.
  1773 | D:2      | Reached XP level 4. HP: 27/28 MP: 7/7
  1882 | D:2      | You fall through a shaft!
  2112 | D:2      | Learned a level 2 spell: Sticks to Snakes
  2116 | D:2      | Learned a level 3 spell: Spider Form
  2118 | D:2      | Noticed Crazy Yiuf
  2126 | D:2      | Killed Crazy Yiuf
  2126 | D:2      | Reached skill level 4 in Unarmed Combat
  2364 | D:3      | Noticed Tsarbomb's ghost (amateur HOMo)
  2721 | D:3      | Reached XP level 5. HP: 33/33 MP: 9/9
  3489 | D:4      | Noticed an ogre
  3563 | D:4      | Reached XP level 6. HP: 32/38 MP: 7/10
  3646 | D:4      | Reached skill level 5 in Unarmed Combat
  3932 | D:4      | Reached XP level 7. HP: 42/43 MP: 12/12
  4504 | D:4      | Noticed Sigmund
  4517 | D:4      | Killed Sigmund
  4517 | D:4      | Reached skill level 6 in Unarmed Combat
  4517 | D:4      | Reached XP level 8. HP: 48/48 MP: 4/14
  4874 | D:5      | Entered Level 5 of the Dungeon
  5003 | D:6      | Found a staircase to the Ecumenical Temple.
  5099 | D:6      | Found a glowing drain.
  5130 | Sewer    | Entered a sewer
  5347 | Sewer    | Reached skill level 7 in Unarmed Combat
  5910 | D:6      | Reached skill level 5 in Dodging
  5910 | D:6      | Reached skill level 5 in Transmutations
  6093 | D:6      | Found a glowing silver altar of Zin.
  6418 | D:7      | Reached XP level 9. HP: 50/53 MP: 13/16
  6513 | D:5      | Reached skill level 5 in Spellcasting
  6632 | D:5      | Reached skill level 8 in Unarmed Combat
  9058 | D:8      | Found the amulet of Vitality {Regen+ HP+15}
  9096 | D:8      | Noticed a two-headed ogre
  9226 | D:8      | Noticed a two-headed ogre
  9249 | D:8      | Killed a two-headed ogre
  9249 | D:8      | Reached XP level 10. HP: 63/63 MP: 15/19
  9290 | D:8      | Killed a two-headed ogre
  9290 | D:8      | Reached skill level 9 in Unarmed Combat
  9643 | D:8      | Learned a level 5 spell: Blade Hands
  9648 | D:8      | Learned a level 4 spell: Ice Form
  9885 | D:9      | Found a staircase to the Lair.
  9998 | D:9      | Found a snail-covered altar of Cheibriados.
 10014 | D:9      | Found a shattered altar of Ashenzari.
 10718 | D:9      | You fall through a shaft for 2 floors!
 10779 | D:11     | Noticed a tengu reaver
 10779 | D:11     | Noticed an ettin
 10803 | D:10     | Entered Level 10 of the Dungeon
 10887 | D:10     | Reached XP level 11. HP: 66/70 MP: 21/21
 11019 | D:10     | Noticed Erica
 11031 | D:10     | Killed Erica
 11031 | D:10     | Reached skill level 5 in Fighting
 11696 | D:9      | Reached skill level 10 in Unarmed Combat
 11804 | D:9      | Found a staircase to the Orcish Mines.
 11978 | Lair:1   | Entered Level 1 of the Lair of Beasts
 11980 | Lair:1   | You fall through a shaft!
 13398 | Lair:1   | Noticed Norrock's ghost (journeyman TrTm)
 13519 | Lair:2   | Noticed Nergalle
 13723 | Lair:2   | Noticed a four-headed hydra
 13742 | Lair:2   | Killed a four-headed hydra
 13785 | Lair:2   | Reached XP level 12. HP: 78/80 MP: 22/24
 14046 | Lair:2   | Killed Nergalle
 14246 | Lair:2   | Reached skill level 11 in Unarmed Combat
 14298 | Lair:2   | Found a hole to the Spider Nest.
 14560 | Lair:2   | Noticed Gastronok
 14620 | Lair:2   | Killed Gastronok
 15488 | Lair:3   | Reached skill level 10 in Transmutations
 15631 | Lair:3   | Noticed an eight-headed hydra
 15668 | Lair:3   | HP: 4/98 [eight-headed hydra (11)]
 15668 | Lair:3   | Mangled by an eight-headed hydra

Skill      XL: |  1  2  3  4  5  6  7  8  9 10 11 12 |
---------------+-------------------------------------+-----
Unarmed Combat | 4 5 6 7 8 9 10 11 | 11.4
Dodging        | 3 4 5 6 |  6.6
Transmutations | 3 4 5 6 7 8 10 | 10.0
Spellcasting   | 3 4 6 8 9 |  9.2
Fighting       | 3 4 6 8 |  8.2
Shields        | 4 |  4.4

Action                   |  1- 3 |  4- 6 |  7- 9 | 10-12 || total
-------------------------+-------+-------+-------+-------++-------
Melee: Unarmed           |   106 |   152 |   419 |   711 ||  1388
       Constrict         |    29 |    22 |    65 |    71 ||   187
       Tentacles         |    20 |    17 |    55 |    94 ||   186
       Kick              |     1 |     5 |    26 |   117 ||   149
       Punch             |     2 |     2 |    14 |    25 ||    43
 Cast: Beastly Appendage |     1 |     3 |    15 |    44 ||    63
       Spider Form       |       |     7 |    16 |    21 ||    44
       Sticks to Snakes  |       |     1 |     8 |     6 ||    15
       Blade Hands       |       |       |       |     1 ||     1
  Use: Scroll            |       |     4 |    11 |     6 ||    21
       Potion            |       |       |       |     4 ||     4
 Stab: Sleeping          |     9 |     4 |     3 |     9 ||    25
       Distracted        |       |       |     6 |     2 ||     8
  Eat: Chunk             |     2 |       |       |       ||     2
       Ration            |       |     2 |     6 |     7 ||    15
Armor: Skin              |    22 |    17 |    73 |    67 ||   179
Dodge: Dodged            |    86 |    85 |   347 |   567 ||  1085
Block: Buckler           |       |       |       |    61 ||    61
